 Dungeon Crawl Stone Soup version 0.19.3 (console) character file.

8360 Kloppie the Cleaver (level 11, -1/87 HPs)
             Began as a Demonspawn Berserker on Jan 22, 2017.
             Was a High Priest of Trog.
             Slain by a killer bee (5 damage)
             ... on level 10 of the Dungeon.
             The game lasted 00:14:17 (10516 turns).

Kloppie the Cleaver (Demonspawn Berserker)         Turns: 10516, Time: 00:14:18

Health: -1/87      AC: 21    Str: 17    XL:     11   Next: 8%
Magic:  11/11      EV:  8    Int: 13    God:    Trog [*****.]
Gold:   75         SH:  0    Dex: 21    Spells: 0 memorised, 10 levels left

rFire  . . .     SeeInvis .     b - +0 war axe (chop)
rCold  . . .     Gourm    +     E - +3 chain mail
rNeg   . . .     Faith    .     (no shield)
rPois  .         Spirit   .     (helmet restricted)
rElec  .         Reflect  .     r - +1 cloak
rCorr  .         Harm     .     d - +1 pair of gloves {Dex+3}
MR     ++...                    (no boots)
Stlth  ..........               q - amulet of the gourmand
                                B - +4 ring of intelligence
                                w - +2 ring of dexterity

@: lethally poisoned (-1 -> -3), exhausted, regenerating, slowed, very slow
A: antennae 2, iridescent scales 2, nightstalker 1, powered by pain 1
a: Berserk, Trog's Hand, Brothers in Arms, Burn Spellbooks, Renounce Religion


You were on level 10 of the Dungeon.
You worshipped Trog.
Trog was extremely pleased with you.
You were very full.

You visited 1 branch of the dungeon, and saw 10 of its levels.

You collected 414 gold pieces.
You spent 339 gold pieces at shops.

Inventory:

Hand Weapons
 a - a +3 hand axe
 b - a +0 war axe of chopping (weapon)
Armour
 d - a +1 pair of gloves of dexterity (worn)
 r - a +1 cloak (worn)
 E - a +3 chain mail (worn)
Jewellery
 q - an amulet of the gourmand (around neck)
 w - a +2 ring of dexterity (left hand)
 B - a +4 ring of intelligence (right hand)
Wands
 k - a wand of disintegration (13/24)
 D - a wand of digging (14/24)
Scrolls
 e - 3 scrolls of recharging
 h - 4 scrolls of remove curse
 m - a scroll of enchant weapon
 n - 7 scrolls of identify
 x - 2 scrolls of fear
 C - 3 scrolls of teleportation
Potions
 l - 3 potions of lignification
 o - a potion of flight
 s - a potion of invisibility
 v - a potion of berserk rage
 A - a potion of agility
Comestibles
 c - 7 bread rations
 f - 2 chunks of flesh
 i - 9 meat rations
 p - a royal jelly
 t - 3 slices of pizza


   Skills:
 + Level 8.3 Fighting
 - Level 12.6 Axes
 - Level 6.5 Armour
 - Level 1.7 Dodging


You had 10 spell levels left.
You didn't know any spells.

Dungeon Overview and Level Annotations

Branches:
Dungeon (10/15)            Temple (0/1) D:4             Orc (0/2) D:9
   Lair: D:8-11

Altars:
Elyvilon
Fedhas
Gozag
Hepliaklqana
Kikubaaqudgha
Qazlal
Ru
Trog
Xom
Yredelemnul
The Shining One

Shops:
D:6 [   D:8 [:?


Innate Abilities, Weirdness & Mutations

You have a pair of antennae on your head.
You are mostly covered in iridescent scales. (AC +4)
You are slightly more attuned to the shadows.
You sometimes gain a little power by taking damage.


Message History

The killer bee stings you but does no damage.
You barely miss the killer bee.
You feel sick. The killer bee stings you.
* * * LOW HITPOINT WARNING * * *
The killer bee closely misses you.
The killer bee stings you but does no damage.
You slash the killer bee!
The killer bee is severely wounded.
You feel the effects of Trog's Hand fading.
You feel sick. The killer bee stings you.
* * * LOW HITPOINT WARNING * * *
You are more poisoned.
The killer bee poisons you! The killer bee closely misses you.
You barely miss the killer bee.
The killer bee is severely wounded.
You feel sick. The killer bee barely misses you.
The killer bee stings you but does no damage.
The killer bee stings you.
You die...

#####.......#
#..<...##...#
#......# ...#
#......# ...#
#####......# .#
#..........#
#..........#
#.######...##..
#.@y...........
####...........
#.###.......
#.# #.......
#.. ........
... ........
####........


You could see a killer bee.

Vanquished Creatures
  Erica (D:10)
  A hill giant (D:10)
  Joseph (D:7)
  2 hippogriffs
  Sigmund (D:4)
  3 yaks (D:9)
  A wraith (D:10)
  A wyvern (D:9)
  2 water moccasins
  4 orc warriors
  2 necrophages
  A sky beast (D:9)
  A black bear (D:9)
  2 phantoms
  10 ogres
  4 centaurs
  3 bullfrogs
  The ghost of fatfloppyjuicyveiny the Vandal, an amateur SpHu (D:3)
  A wyvern zombie (D:8)
  A scorpion (D:5)
  A water moccasin skeleton (D:10)
  15 killer bees
  6 wights
  A howler monkey (D:4)
  3 jellies (D:9)
  6 crimson imps
  10 hounds
  3 human zombies (D:9)
  Crazy Yiuf (D:2)
  A centaur skeleton (D:8)
  7 orc priests
  14 orc wizards
  Jessica (D:2)
  A human skeleton (D:9)
  7 worker ants
  A killer bee zombie (D:8)
  An ogre skeleton (D:9)
  A hound zombie (D:9)
  A hound skeleton (D:9)
  3 mummies (D:9)
  Robin (D:2)
  4 gnolls
  14 adders
  2 howler monkey skeletons (D:5)
  A river rat (D:3)
  3 shadow imps
  6 worms
  3 dart slugs
  5 leopard geckos
  23 orcs
  A ball python (D:3)
  12 bats
  9 giant cockroaches
  19 goblins
  9 hobgoblins
  17 jackals
  5 quokkas
  4 frilled lizards
  5 kobolds
  2 leopard gecko skeletons (D:4)
  An orc zombie (D:9)
  A quokka skeleton (D:4)
  8 rats
282 creatures vanquished.

Notes
Turn   | Place    | Note
-------+----------+-------------------------------------------
     0 | D:1      | Kloppie the Demonspawn Berserker began the quest for the Orb.
     0 | D:1      | Reached XP level 1. HP: 18/18 MP: 1/1
   226 | D:1      | Gained mutation: You are partially covered in iridescent scales. (AC +2) [demonic ancestry]
   226 | D:1      | Reached XP level 2. HP: 24/24 MP: 2/2
   229 | D:1      | Reached skill level 3 in Axes
   434 | D:1      | Reached ** piety under Trog
   526 | D:1      | Reached XP level 3. HP: 29/29 MP: 3/3
  1049 | D:2      | Reached XP level 4. HP: 37/37 MP: 4/4
  1154 | D:2      | Noticed Jessica
  1159 | D:2      | Killed Jessica
  1187 | D:2      | Found a runed door.
  1524 | D:2      | Noticed Robin
  1550 | D:2      | Killed Robin
  1550 | D:2      | Reached skill level 4 in Axes
  1613 | D:2      | Reached *** piety under Trog
  1613 | D:2      | Gained mutation: You are slightly more attuned to the shadows. [demonic ancestry]
  1613 | D:2      | Reached XP level 5. HP: 30/42 MP: 5/5
  1666 | D:2      | Found a shimmering altar of Xom.
  1952 | D:2      | Noticed Crazy Yiuf
  1959 | D:2      | Killed Crazy Yiuf
  2067 | D:3      | Noticed fatfloppyjuicyveiny's ghost (amateur SpHu)
  2072 | D:3      | Killed fatfloppyjuicyveiny's ghost
  2402 | D:3      | Gained mutation: You sometimes gain a little power by taking damage. [demonic ancestry]
  2402 | D:3      | Reached XP level 6. HP: 48/48 MP: 6/6
  3114 | D:3      | Reached skill level 5 in Axes
  3508 | D:4      | Noticed Sigmund
  3517 | D:4      | Killed Sigmund
  3517 | D:4      | Gained mutation: You have a pair of small antennae on your head. [demonic ancestry]
  3517 | D:4      | Reached XP level 7. HP: 54/54 MP: 7/7
  3552 | D:4      | Found a staircase to the Ecumenical Temple.
  3814 | D:4      | Reached skill level 6 in Axes
  3814 | D:4      | Reached skill level 5 in Armour
  4224 | D:4      | Reached **** piety under Trog
  4422 | D:5      | Entered Level 5 of the Dungeon
  4464 | D:5      | Found a bloodstained altar of Trog.
  4530 | D:5      | Gained mutation: You are mostly covered in iridescent scales. (AC +4) [demonic ancestry]
  4530 | D:5      | Reached XP level 8. HP: 55/60 MP: 8/8
  4809 | D:5      | Reached skill level 7 in Axes
  6002 | D:6      | Reached skill level 8 in Axes
  6036 | D:6      | Found a hazy altar of Hepliaklqana.
  6224 | D:6      | Found a basalt altar of Yredelemnul.
  6275 | D:6      | Found a stormy altar of Qazlal.
  6356 | D:6      | Found a white marble altar of Elyvilon.
  6489 | D:6      | Found Qaocris's Antique Armour Shoppe.
  6667 | D:7      | Reached XP level 9. HP: 44/65 MP: 9/9
  6738 | D:7      | Noticed Joseph
  6744 | D:7      | Reached skill level 9 in Axes
  6763 | D:7      | Killed Joseph
  6768 | D:7      | Reached ***** piety under Trog
  6806 | D:7      | Found a sacrificial altar of Ru.
  6860 | D:7      | Reached skill level 10 in Axes
  7188 | D:7      | Found a glowing golden altar of the Shining One.
  7461 | D:8      | Found Riotos's Antique Armour Shop.
  7810 | D:8      | Reached skill level 11 in Axes
  7845 | D:8      | Found Gewiqaid's Book Boutique.
  8050 | D:8      | Found a blossoming altar of Fedhas.
  8250 | D:8      | Found Qeinang's Magic Scroll Shop.
  8257 | D:8      | Bought a scroll of teleportation for 45 gold pieces
  8485 | D:8      | Gained mutation: You have a pair of antennae on your head. [demonic ancestry]
  8485 | D:8      | Reached XP level 10. HP: 71/71 MP: 10/10
  8557 | D:8      | Received a gift from Trog
  9008 | D:9      | Found an ancient bone altar of Kikubaaqudgha.
  9015 | D:9      | Reached skill level 12 in Axes
  9177 | D:9      | Found an opulent altar of Gozag.
  9557 | D:9      | Found an ancient bone altar of Kikubaaqudgha.
  9687 | D:9      | Reached skill level 5 in Fighting
 10041 | D:9      | Found a staircase to the Orcish Mines.
 10244 | D:6      | Bought a pair of embroidered gloves for 294 gold pieces
 10304 | D:10     | Entered Level 10 of the Dungeon
 10326 | D:10     | Noticed a hill giant
 10343 | D:10     | Killed a hill giant
 10483 | D:10     | Noticed Erica
 10503 | D:10     | Reached XP level 11. HP: 44/85 MP: 11/11
 10510 | D:10     | Killed Erica
 10515 | D:10     | HP: 4/87 [killer bee (1)]
 10516 | D:10     | Slain by a killer bee

Skill      XL: |  1  2  3  4  5  6  7  8  9 10 11 |
---------------+----------------------------------+-----
Axes           | 3 4 5 6 8 11 12 | 12.6
Fighting       | 4 7 8 |  8.3
Armour         | 2 3 4 5 6 |  6.5
Dodging        | |  1.7

Action                   |  1- 3 |  4- 6 |  7- 9 | 10-12 || total
-------------------------+-------+-------+-------+-------++-------
Melee: Hand axe          |    99 |   264 |   394 |       ||   757
       War axe           |       |       |    90 |   326 ||   416
Invok: Berserk           |     1 |     3 |    11 |     3 ||    18
       Trog's Hand       |       |       |     2 |     2 ||     4
  Use: Scroll            |       |    10 |     3 |     2 ||    15
       Potion            |       |    10 |     4 |     2 ||    16
 Stab: Sleeping          |       |     2 |       |       ||     2
  Eat: Chunk             |     1 |    23 |    26 |    11 ||    61
Armor: Animal skin       |    35 |       |       |       ||    35
       Ring mail         |       |    62 |    22 |       ||    84
       Scale mail        |       |    45 |       |       ||    45
       Chain mail        |       |       |   169 |   216 ||   385
       Plate armour      |       |       |   109 |     3 ||   112
Dodge: Dodged            |    83 |   156 |   170 |   141 ||   550
